 Dungeon Sprint DCSS version 0.23.1 (webtiles) character file.

Game seed: 8647488208547430616

1202 nuthulu the Blocker (level 8, -11/57 HPs)
             Began as a Gargoyle Fighter on Mar 13, 2019.
             Was an Elder of Makhleb.
             Killed from afar by a quicksilver dragon (12 damage)
             ... with a bolt of dispelling energy
             ... summoned by Room Moa
             ... in the Dungeon (Sprint V: "Ziggurat Sprint").
             The game lasted 00:02:07 (212 turns).

nuthulu the Blocker (Gargoyle Fighter)               Turns: 212, Time: 00:02:07

Health: -11/57     AC: 34    Str: 32    XL:     8   Next: 44%
Magic:  8/8        EV:  2    Int:  8    God:    Makhleb [****..]
Gold:   0          SH: 32    Dex: 17    Spells: 7/7 levels left

rFire    + . .     SeeInvis .   F - +7 Sulking Sword {slice, sonic wave}
rCold    + . .     Gourm    .   H - +18 shield of the Gong {rElec rN+ MR+ EV-5}
rNeg     + + .     Faith    .   G - +15 Maxwell's patent armour {-Cast -Tele rElec MR+ rCorr}
rPois    ∞         Spirit   .   (no helmet)
rElec    +         Reflect  .   (no cloak)
rCorr    +         Harm     .   (no gloves)
MR       ++...     NoTele   +   (no boots) Stlth ..........NoCast +
                                (no amulet)
HPRegen  0.19/turn              D - +6 ring of strength
MPRegen  0.11/turn              z - +6 ring of dexterity

@: mighty, resistant (expiring), silenced, lightly drained
A: negative energy resistance 1, electricity resistance, unbreathing,
petrification resistance, rot immunity, AC +5
a: Renounce Religion


You were in the Dungeon.
You worshipped Makhleb.
Makhleb was greatly pleased with you.
You were not hungry.

You visited 1 branch

Inventory:

Hand Weapons
 F - the +7 Sulking Sword (weapon) {slice, sonic wave}
   (You found it in the Dungeon)

   It inflicts extra damage upon your enemies.
Armour
 G - the +15 Maxwell's patent armour (worn) {-Cast -Tele rElec MR+ rCorr}
   (You found it in the Dungeon)

   It insulates you from electricity.
   It affects your resistance to hostile enchantments.
   It prevents spellcasting.
   It prevents most forms of teleportation.
   It provides partial protection from all sources of acid and corrosion.
 H - the +18 shield of the Gong (worn) {rElec rN+ MR+ EV-5}
   (You found it in the Dungeon)

   It affects your evasion (-5).
   It insulates you from electricity.
   It protects you from negative energy.
   It affects your resistance to hostile enchantments.
Jewellery
 z - a +6 ring of dexterity (right hand)
 A - a +6 ring of dexterity
 B - a +6 ring of intelligence
 C - a +6 ring of intelligence
 D - a +6 ring of strength (left hand)
 E - a +6 ring of strength
Wands
 w - a wand of disintegration (7)
 x - a wand of iceblast (7)
 y - a wand of acid (7)
Scrolls
 k - 4 scrolls of blinking
 q - 4 scrolls of amnesia
 r - 7 scrolls of fog
 s - a scroll of holy word
 t - 5 scrolls of identify
 u - 5 scrolls of remove curse
 v - 2 scrolls of fear
Potions
 d - 5 potions of might
 e - 10 potions of curing
 g - 5 potions of heal wounds
 h - 6 potions of haste
 i - 7 potions of magic
 j - 3 potions of berserk rage
 l - 2 potions of brilliance
 m - 2 potions of invisibility
 n - 3 potions of resistance
 p - 6 potions of agility
Comestibles
 f - 8 rations


   Skills:
 + Level 9.8(9.6) Fighting
 * Level 10.0(9.7) Long Blades
 + Level 9.6(9.4) Armour
 - Level 0.3(0.1) Dodging
 + Level 10.6(10.4) Shields


You had 7 spell levels left.
You didn't know any spells.
Your spell library was empty.

Dungeon Overview and Level Annotations

Branches:
Dungeon (1/1)

Altars:
Ashenzari
Cheibriados
Dithmenos
Elyvilon
Fedhas
Gozag
Hepliaklqana
Kikubaaqudgha
Makhleb
Nemelex Xobeh
Okawaru
Qazlal
Ru
Sif Muna
Trog
Uskayaw
Vehumet
Wu Jian
Xom
Yredelemnul
Zin
The Shining One
Beogh
Jiyva
Lugonu

Annotations:
D 1 transporter


Innate Abilities, Weirdness & Mutations

You are resistant to torment.
Your stone body is resilient. (AC +5)
You are immune to poison.
You resist negative energy. (rN+)
You are resistant to electric shocks. (rElec)
You can survive without breathing.
You are immune to petrification.
You are immune to rotting.


Message History

The quicksilver dragon claws you but does no damage.
Unknown command.
Unknown command.
You slice Uzasenk!!
The Sulking Sword looks truculent.
Uzasenk is moderately wounded.
Room Moa gestures.
A dragon appears. x2; You block Uzasenk's attack.
The jumping spider leaps!
You block the redback's attack.
The shadow dragon breathes negative energy at you.
The bolt of negative energy hits the demonic crawler.
The demonic crawler completely resists.
The bolt of negative energy hits Room Moa.
Room Moa completely resists.
The bolt of negative energy hits you! You partially resist.
You feel drained.
* * * LOW HITPOINT WARNING * * *
The quicksilver dragon breathes dispelling energy at you.
The bolt of dispelling energy hits you!
Your magical effects are unravelling.
You die...

▓..8©8..▓
▓..:=)..▓
▓..|):..▓
▓..°....▓
▓.....5.▓
▓...DsDD▓
▓...5ss5▓
▓...5&&D▓
▓...rs@D▓
▓▓▓▓▓▓▓▓▓


You could see Room Moa, Uzasenk, a shadow dragon, a storm dragon, 2 fire
dragons, a quicksilver dragon, a demonic crawler, 2 jumping spiders, a redback,
a hell rat, a crimson imp, a white imp and 2 shadow imps.

Vanquished Creatures
  2 spriggans (D)
  2 hell hounds (D)
  A black bear (D)
  A necrophage (D)
  2 phantoms (D)
  2 wolves (D)
  2 bullfrogs (D)
  A wight (D)
  An adder zombie (D)
  2 bat skeletons (D)
  A jackal (D)
  A leopard gecko zombie (D)
18 creatures vanquished.

Notes
Turn   | Place    | Note
-------+----------+-------------------------------------------
     0 | D        | Found the +6 Majin-Bo {vamp, Archmagi MP+6 Int+6}
     0 | D        | Found the +7 great mace "Firestarter" {inner flame, rF++}
     0 | D        | nuthulu the Gargoyle Fighter began the quest for the Orb.
     0 | D        | Reached XP level 1. HP: 14/14 MP: 1/1
     0 | D        | Found a deep blue altar of Sif Muna.
     0 | D        | Found a sacrificial altar of Ru.
     0 | D        | Found a bloodstained altar of Trog.
     0 | D        | Found a stormy altar of Qazlal.
     0 | D        | Found an iron altar of Okawaru.
     0 | D        | Found a sparkling altar of Nemelex Xobeh.
     0 | D        | Found a blossoming altar of Fedhas.
     2 | D        | Found a transporter.
     2 | D        | Found an ancient bone altar of Kikubaaqudgha.
     2 | D        | Found a viscous altar of Jiyva.
     2 | D        | Found a corrupted altar of Lugonu.
     2 | D        | Found a hazy altar of Hepliaklqana.
     2 | D        | Found a burning altar of Makhleb.
     2 | D        | Found an opulent altar of Gozag.
    20 | D        | Found the +6 shillelagh "Devastator" {shatter}
    20 | D        | Found the +11 plutonium sword {*Contam Stlth-}
    20 | D        | Found the +8 lance "Wyrmbane" {slay drac, rPois rF+ rC+
                  | AC+3}
    20 | D        | Found the +9 sword of Zonguldrok {reap}
    20 | D        | Found the cursed +13 scythe of Curses {drain, *Curse}
    20 | D        | Found the +0 sword of Power
    20 | D        | Found the +7 mace of Variability {chain chaos}
    20 | D        | Found the +7 Singing Sword {slice, sonic wave}
    20 | D        | Found the +7 longbow "Piercer" {penet, EV-2}
    22 | D        | Found the +9 heavy crossbow "Sniper" {velocity, Acc+∞ SInv}
    22 | D        | Found the +10 dark maul {crush}
    22 | D        | Found the +15 Maxwell's patent armour {-Cast -Tele rElec
                  | MR+ rCorr}
    22 | D        | Found the +18 shield of the Gong {rElec rN+ MR+ EV-5}
    22 | D        | Found the cursed +14 obsidian axe {chop, +Fly SInv *Curse}
    55 | D        | Reached XP level 2. HP: 19/19 MP: 2/2
    65 | D        | Became a worshipper of Makhleb the Destroyer
    72 | D        | Entered arena 2.
    72 | D        | Noticed a necrophage
    72 | D        | Found a transporter.
    79 | D        | Killed a necrophage
    79 | D        | Reached skill level 5 in Fighting
    79 | D        | Reached skill level 5 in Armour
    79 | D        | Reached skill level 5 in Shields
    79 | D        | Reached XP level 3. HP: 26/26 MP: 3/3
    79 | D        | Reached XP level 4. HP: 31/31 MP: 4/4
    85 | D        | Entered arena 3.
    85 | D        | Noticed a hell hound
    85 | D        | Noticed a hell hound
    85 | D        | Found a transporter.
    87 | D        | Reached * piety under Makhleb
    88 | D        | Killed a hell hound
    88 | D        | Reached XP level 5. HP: 37/37 MP: 5/5
    90 | D        | Killed a hell hound
    90 | D        | Reached XP level 6. HP: 44/44 MP: 6/6
    97 | D        | Entered arena 4.
    97 | D        | Found a transporter.
    99 | D        | Reached ** piety under Makhleb
   105 | D        | Reached XP level 7. HP: 47/50 MP: 7/7
   120 | D        | Entered arena 5.
   120 | D        | Noticed a spriggan
   120 | D        | Noticed a spriggan
   120 | D        | Found a transporter.
   126 | D        | Reached *** piety under Makhleb
   126 | D        | Killed a spriggan
   127 | D        | Reached skill level 10 in Shields
   128 | D        | Killed a spriggan
   128 | D        | Reached XP level 8. HP: 56/56 MP: 8/8
   162 | D        | Entered arena 6.
   162 | D        | Found a transporter.
   164 | D        | Reached **** piety under Makhleb
   171 | D        | Reached skill level 10 in Long Blades
   198 | D        | Entered arena 7.
   198 | D        | Noticed Room Moa the pandemonium lord
   198 | D        | Noticed Uzasenk the pandemonium lord
   199 | D        | Found a transporter.
   200 | D        | Noticed a redback
   205 | D        | Noticed a jumping spider
   205 | D        | Noticed a redback
   209 | D        | Noticed a quicksilver dragon
   209 | D        | Noticed a demonic crawler
   209 | D        | Noticed a jumping spider
   210 | D        | Noticed a shadow dragon
   212 | D        | Noticed a storm dragon
   212 | D        | HP: 1/57 [shadow dragon/bolt of negative energy[Room Moa]
                  | (11)]
   212 | D        | Killed from afar by a quicksilver dragon

Skill      XL: |  1  2  3  4  5  6  7  8 |
---------------+-------------------------+-----
Long Blades    | 7 8 9 10 | 10.0
Fighting       | 5 6 7 8 9 |  9.8
Armour         | 5 6 7 8 9 |  9.6
Shields        | 5 6 7 9 10 | 10.6
Dodging        | |  0.3

Action                   |  1- 3 |  4- 6 |  7- 9 || total
-------------------------+-------+-------+-------++-------
Melee: Double sword      |     6 |    12 |    19 ||    37
  Use: Potion            |     1 |       |     7 ||     8
Armor: Plate armour      |     2 |     5 |    28 ||    35
Dodge: Dodged            |       |       |     1 ||     1
Block: Shield            |    13 |    22 |    53 ||    88
